 Dungeon Crawl Stone Soup version 0.28-a0-1638-g9123634e07 (webtiles) character file.

Game seed: 15506998650819062620

1075 siradein the Gusty (level 8, -2/41 HPs)
             Began as a Tengu Air Elementalist on Jan 25, 2022.
             Slain by Duvessa (19 damage)
             ... on level 5 of the Dungeon on Jan 26, 2022.
             The game lasted 00:17:21 (5876 turns).

siradein the Gusty (Tengu Air Elementalist)         Turns: 5876, Time: 00:17:21

Health: -2/41      AC:  6    Str:  8    XL:     8   Next: 29%
Magic:  10/16      EV: 17    Int: 17    God:
Gold:   213        SH:  0    Dex: 16    Spells: 10/16 levels left

rFire   . . .      SeeInvis .   A - +2 quarterstaff (chaos)
rCold   . . .      Faith    .   (shield currently unavailable)
rNeg    . . .      Spirit   .   a - +0 robe
rPois   .          Reflect  .   (helmet restricted)
rElec   .          Harm     .   B - +2 cloak {Stlth+}
rCorr   .          Rampage  .   z - +0 pair of gloves
Will    +....                   (boots unavailable)
Stlth   +++.......              f - amulet of regeneration
HPRegen 0.93/turn               h - +4 ring of slaying
MPRegen 0.15/turn               m - ring of willpower

@: flying quickly and evasively, studying Staves, quick
A: beak, talons 3, nimble flight
a: no special abilities


You were on level 5 of the Dungeon.
You visited 1 branch of the dungeon, and saw 5 of its levels.

You collected 213 gold pieces.

Inventory:

Hand Weapons
 A - a +2 quarterstaff of chaos (weapon)
Armour
 a - a +0 robe (worn)
 z - a +0 pair of gloves (worn)
 B - a +2 cloak of stealth (worn)
Magical Staves
 y - a staff of poison
Jewellery
 f - an amulet of regeneration (around neck)
 h - a +4 ring of slaying (left hand)
 m - a ring of willpower (right hand)
 o - a ring of fire
Wands
 d - a wand of flame (7)
 q - a wand of iceblast (9)
 v - a wand of polymorph (9)
Scrolls
 c - a scroll of blinking
 g - 2 scrolls of amnesia
 l - a scroll of silence
 p - a scroll of fog
 r - a scroll of fear {unknown}
 s - 2 scrolls of torment {unknown}
 t - a scroll of summoning {unknown}
 u - a scroll of enchant weapon {unknown}
 w - a scroll of noise {unknown}
 x - 2 scrolls of teleportation {unknown}
Potions
 b - a potion of resistance
 e - a potion of berserk rage
 i - 2 potions of cancellation
 j - 3 potions of curing
 n - 3 potions of attraction


   Skills:
 + Level 5.5 Dodging
 - Level 2.0 Stealth
 + Level 4.6 Spellcasting
 + Level 6.1 Conjurations
 + Level 7.4 Air Magic


You had 10 spell levels left.
You knew the following spells:

 Your Spells              Type           Power      Damage    Failure   Level
a - Shock                 Conj/Air       100%       1d9       1%          1
b - Static Discharge      Conj/Air       27%        N/A       1%          2
c - Swiftness             Air            29%        N/A       1%          3

Your spell library contained the following spells:

 Spells                   Type           Power      Damage    Failure   Level
 Airstrike                Air            14%        N/A       7%          4
 Freeze                   Ice            12%        1d4       14%         1
 Hailstorm                Conj/Ice       14%        3d5       38%         4
 Frozen Ramparts          Ice            6%         1d2       41%         3


Dungeon Overview and Level Annotations

Branches:
Dungeon (5/15)
 Temple: D:4-7

Altars:
The Shining One

Shops:
D:1 =   D:5 [

Annotations:
D:5 Duvessa


Innate Abilities, Weirdness & Mutations

You have a beak for a mouth.
You have claws for feet.
Your magical nature lets you fly swiftly and evasively.


Message History

a +0 mace; an orc corpse
Things that are here:
a +0 club; an orc corpse The zap misses the black bear. x2
The zap hits the black bear!
The black bear is almost dead.
The zap hits the black bear.
You kill the black bear!
You can't see any susceptible monsters within range! (Use Z to cast anyway.) Magic restored.
Found an escape hatch in the ceiling.
There is an escape hatch in the floor here.
Found a stone staircase leading down.
Things that are here:
a +0 robe; a +2 antimagic dagger You now have 213 gold pieces (gained 9).
Duvessa, Sister of Dowan comes into view.
She is wielding a +0 short sword.
Duvessa goes berserk!
You hear a shout!
The zap hits Duvessa!
Duvessa is lightly wounded.
Duvessa hits you with a +0 short sword! Duvessa hits you with a +0 short sword.
The zap hits Duvessa!
Duvessa is moderately wounded.
Duvessa hits you with a +0 short sword!
Casting: Shock (safe; 1% risk of failure)
Confirm with . or Enter, or press ? or * to list all spells.
Duvessa is struck by an arc of lightning!
Duvessa is heavily wounded.
The lightning grounds out.
Duvessa misses you. Duvessa closely misses you.
Casting: Static Discharge (safe; 1% risk of failure)
Confirm with . or Enter, or press ? or * to list all spells.
Duvessa is struck by an arc of lightning!
Duvessa is severely wounded.
You are struck by an arc of lightning.
Duvessa is struck by an arc of lightning.
Duvessa is severely wounded.
The lightning grounds out.
Duvessa hits you with a +0 short sword!!
You die...

.♣.♣.♣.♣.......###....#
..⌠.∩.⌠...............##
.♣.♣.♣.♣.........e.....#
..#.⌠.#..........#.....#
.♣.♣.♣.♣........##....##
.................#..###
#...................#
.....#.......##.e..##
................@###
....#.........#.##
#............##.#
##...##.....#####
#.........## ###......##
##..#..# #######


You could see Duvessa (berserk).

Vanquished Creatures
  An ice beast (D:4)
  2 ogres
  2 black bears
  A centaur (D:5)
  A phantom (D:4)
  A scorpion (D:3)
  Dowan (D:5)
  Crazy Yiuf (D:2)
  A hound (D:5)
  2 orc priests
  Terence (D:3)
  An iguana (D:5)
  2 orc wizards
  A hound skeleton (D:5)
  A howler monkey skeleton (D:4)
  6 adders
  An ufetubus (D:4)
  3 worms
  A dart slug (D:3)
  8 orcs
  7 bats
  6 endoplasms
  2 giant cockroaches
  8 goblins
  5 hobgoblins
  4 jackals (D:4)
  5 kobolds
  5 quokkas
  8 ball pythons
  4 frilled lizards
  5 rats
97 creatures vanquished.

Vanquished Creatures (others)
  A fungus (D:1)
1 creature vanquished.

Grand Total: 98 creatures vanquished

Notes
Turn   | Place    | Note
-------+----------+-------------------------------------------
     0 | D:1      | siradein the Tengu Air Elementalist began the quest for the
                  | Orb.
     0 | D:1      | Reached XP level 1. HP: 10/10 MP: 4/4
   364 | D:1      | Found a faded altar of an unknown god.
   369 | D:1      | Reached XP level 2. HP: 7/15 MP: 1/6
   605 | D:1      | Learned a level 2 spell: Static Discharge
  1052 | D:1      | Reached XP level 3. HP: 19/19 MP: 5/7
  1212 | D:1      | Found Gufumnud's Jewellery Boutique.
  1267 | D:1      | Learned a level 3 spell: Swiftness
  1447 | D:2      | Found a glowing golden altar of the Shining One.
  1888 | D:2      | Found a runed translucent door.
  1889 | D:2      | Noticed Crazy Yiuf
  2242 | D:3      | Reached XP level 4. HP: 24/24 MP: 6/8
  2280 | D:3      | Noticed Terence
  2435 | D:3      | Killed Terence
  3061 | D:3      | Reached skill level 5 in Air Magic
  3122 | D:4      | Noticed a scorpion
  3147 | D:3      | Killed a scorpion
  3148 | D:3      | Gained mutation: Your magical nature lets you fly swiftly
                  | and evasively. [Tengu growth]
  3148 | D:3      | Reached XP level 5. HP: 8/28 MP: 6/10
  3319 | D:4      | Noticed a phantom
  3321 | D:4      | Noticed a black bear
  3367 | D:4      | Killed a black bear
  3368 | D:4      | Reached XP level 6. HP: 20/32 MP: 3/12
  4064 | D:4      | Reached skill level 6 in Air Magic
  4211 | D:5      | Entered Level 5 of the Dungeon
  4223 | D:5      | Reached XP level 7. HP: 36/36 MP: 7/13
  4283 | D:5      | Found Awed Baova's Armour Emporium.
  4406 | D:5      | Reached skill level 5 in Conjurations
  4583 | D:5      | Reached skill level 5 in Dodging
  4751 | D:5      | Noticed Dowan
  4786 | D:5      | Killed Dowan
  4787 | D:5      | Reached skill level 7 in Air Magic
  5281 | D:2      | Killed Crazy Yiuf
  5282 | D:2      | Reached XP level 8. HP: 25/41 MP: 10/15
  5861 | D:5      | Noticed Duvessa
  5876 | D:5      | Slain by Duvessa

Illustrated notes

Levels and vault maps discovered:
D:1:      heliophobic_arrival_ceremonial_halls, layout_loops_ring,
          shapermc_ecumenical_altar_acropolis, serial_shops, shop
D:2:      layout_rooms, basic_altar, st_stairs_1, uniq_crazy_yiuf_cottage
D:3:      layout_loops_ring, uniq_terence
D:4:      layout_rooms
D:5:      layout_cave_pools, minmay_shop_grid_forest, st_stairs_3,
          grunt_ministairs_1, guppyfry_shop_venom, uniq_duvessa

Skill      XL: |  1  2  3  4  5  6  7  8 |
---------------+-------------------------+-----
Conjurations   | 2 3 4 5 6 |  6.1
Dodging        | 3 4 5 |  5.5
Air Magic      | 5 6 7 |  7.4
Spellcasting   | 3 4 |  4.6
Stealth        | |  2.0

Action                   |  1- 3 |  4- 6 |  7- 9 || total
-------------------------+-------+-------+-------++-------
Melee: Unarmed           |     5 |       |       ||     5
       Kick              |     1 |     4 |     1 ||     6
       Whip              |       |     4 |     5 ||     9
       Peck              |       |       |     2 ||     2
       Punch             |       |       |     1 ||     1
 Cast: Shock             |    87 |   109 |    88 ||   284
       Static Discharge  |       |       |     2 ||     2
  Use: Scroll            |     6 |     3 |       ||     9
 Stab: Sleeping          |     1 |       |       ||     1
Armor: Robe              |     9 |     3 |    15 ||    27
Dodge: Dodged            |    15 |    14 |    59 ||    88

Table legend: (Time is in decaauts)
 A = Elapsed time spent in this place.
 B = Non-inter-level travel time spent in this place.
 C = Inter-level travel time spent in this place.
 D = Time resting spent in this place.
 E = Time spent auto-exploring this place.
 F = Levels seen in this place.
 G = Mean time per level.
                   A        B        C        D        E       F      G
               +--------+--------+--------+--------+--------+-----+--------+
         Total |   5764 |   5598 |    166 |    523 |   3993 |   5 | 1152.8 |
       Dungeon |   5764 |   5598 |    166 |    523 |   3993 |   5 | 1152.8 |
               +--------+--------+--------+--------+--------+-----+--------+

Top non-repeatable levels by time:
     D:4: 1519 daAuts
     D:1: 1371 daAuts
     D:3: 1066 daAuts
     D:2: 968 daAuts
     D:5: 838 daAuts
